 Dungeon Crawl Stone Soup version 0.20.1-1-g8b1a95d (webtiles) character file.

128 Monsterracer the Poker (level 5, -1/41 HPs)
             Began as a Merfolk Skald on July 16, 2017.
             Killed by divine providence
             ... invoked by an orc priest
              (13 damage)
             ... on level 3 of the Dungeon.
             The game lasted 00:08:47 (2683 turns).

Monsterracer the Poker (Merfolk Skald)              Turns: 2683, Time: 00:08:47

Health: -1/41      AC:  3    Str: 11    XL:     5   Next: 11%
Magic:  8/8        EV: 13    Int: 14    God:
Gold:   78         SH:  0    Dex: 13    Spells: 0/8 levels left

rFire    . . .     SeeInvis .   a - +0 spear
rCold    . . .     Gourm    .   (no shield)
rNeg     . . .     Faith    .   b - +0 leather armour
rPois    .         Spirit   .   (no helmet)
rElec    .         Reflect  .   (no cloak)
rCorr    .         Harm     .   (no gloves)
MR       .....                  (no boots)
Stlth    +.........             (no amulet)
Regen    0.2/turn               l - ring of wizardry
MPRegen  0.2/turn               (no ring)

@: no status effects
A: change form in water, swift swim, stealthy swim
a: no special abilities


You were on level 3 of the Dungeon.
You were hungry.

You visited 1 branch of the dungeon, and saw 3 of its levels.

You collected 78 gold pieces.

Inventory:

Hand Weapons
 a - a +0 spear (weapon)
Armour
 b - a +0 leather armour (worn)
Jewellery
 l - a ring of wizardry (left hand)
Scrolls
 e - 4 scrolls of remove curse {unknown}
 g - a scroll of fear {unknown}
 h - 2 scrolls of enchant armour {unknown}
 j - a scroll of fog {unknown}
 k - 2 scrolls of magic mapping {unknown}
 o - a scroll of recharging {unknown}
 q - 3 scrolls of identify {unknown}
 r - 2 scrolls of amnesia {unknown}
 s - a scroll of enchant weapon {unknown}
Potions
 m - 2 potions of might {unknown}
 p - a potion of brilliance {unknown}
 t - a potion of agility {unknown}
 u - 2 potions of curing {unknown}
 v - a potion of mutation {unknown}
Books
 c - a book of Battle

   Spells                             Type                      Level
   a - Infusion                       Charms                       1
   b - Shroud of Golubria             Charms/Translocation         2
   c - Song of Slaying                Charms                       2
   d - Spectral Weapon                Hexes/Charms                 3
   e - Regeneration                   Charms/Necromancy            3
Comestibles
 d - a bread ration
 f - a meat ration
 i - 2 royal jellies
 n - 2 fruits


   Skills:
 + Level 3.2 Fighting
 * Level 5.5 Polearms
 - Level 0.6 Armour
 + Level 3.8 Dodging
 - Level 2.0 Spellcasting
 + Level 3.6 Charms


You couldn't memorise any spells.
You knew the following spells:

 Your Spells              Type           Power        Failure   Level  Hunger
a - Infusion              Chrm           ##..         2%          1    ##.....
b - Song of Slaying       Chrm           ##......     4%          2    ###....
c - Shroud of Golubria    Chrm/Tloc      #.........   9%          2    ###....
d - Spectral Weapon       Hex/Chrm       #.......     17%         3    ####...


Dungeon Overview and Level Annotations

Branches:
Dungeon (3/15)

Altars:


Message History

You completely miss the orc priest.
The orc priest is moderately wounded.
The orc priest hits you with a hand axe.
* * * LOW HITPOINT WARNING * * *
Huge Dmg: -14%(-6hp) hp: 35%(14hp)
You hit the orc priest but do no damage.
The orc priest is moderately wounded.
The orc priest hits you with a hand axe.
* * * LOW HITPOINT WARNING * * *
Damage: -5%(-2hp) hp: 30%(12hp) Unknown command.
You closely miss the orc priest.
The orc priest is moderately wounded.
The orc misses you.
You closely miss the orc priest.
The orc priest is moderately wounded.
Your song has ended.
The orc priest invokes the aid of Beogh against you.
Beogh smites you!
You die...

## .... ... . #
###################.##.
#
#......................
# #.##########.@o.....#
# #.# #o#......##.# #
#.# #.#.........#
####.# #.#.......<#
.....# #.##.........
###### #.##†.#...... #
#.......##### #
####..### # #..#


You could see an orc priest and an orc.

Vanquished Creatures
  5 adders (D:2)
  An ooze (D:1)
  2 worms (D:2)
  2 leopard geckos
  2 orcs (D:3)
  2 ball pythons
  2 giant cockroaches (D:1)
  5 goblins
  8 hobgoblins
  8 jackals
  A quokka (D:2)
  11 bats
  2 frilled lizards (D:2)
  8 kobolds
  4 rats
63 creatures vanquished.

Vanquished Creatures (others)
  4 toadstools (D:1)
4 creatures vanquished.

Grand Total: 67 creatures vanquished

Notes
Turn   | Place    | Note
-------+----------+-------------------------------------------
     0 | D:1      | Monsterracer the Merfolk Skald began the quest for the Orb.
     0 | D:1      | Reached XP level 1. HP: 16/16 MP: 3/3
   201 | D:1      | Reached XP level 2. HP: 18/23 MP: 5/5
   210 | D:1      | Learned a level 2 spell: Song of Slaying
   213 | D:1      | Learned a level 2 spell: Shroud of Golubria
   412 | D:1      | Reached skill level 4 in Polearms
   698 | D:1      | Reached XP level 3. HP: 28/28 MP: 0/6
   792 | D:1      | You fall through a shaft!
  1145 | D:2      | Reached skill level 5 in Polearms
  1145 | D:2      | Reached XP level 4. HP: 25/34 MP: 0/7
  2319 | D:1      | Reached XP level 5. HP: 39/41 MP: 8/8
  2332 | D:1      | Learned a level 3 spell: Spectral Weapon
  2683 | D:3      | Killed from afar by an orc priest

Skill      XL: |  1  2  3  4 |
---------------+-------------+-----
Polearms       | 4 5 |  5.5
Dodging        | 3 |  3.8
Fighting       | 3 |  3.2
Armour         | |  0.6
Spellcasting   | |  2.0
Charms         | |  3.6

Action                   |  1- 3 |  4- 6 || total
-------------------------+-------+-------++-------
Melee: Spear             |   102 |   149 ||   251
 Cast: Infusion          |     6 |     3 ||     9
       Song of Slaying   |     2 |     4 ||     6
       Shroud of Golubri |     2 |     1 ||     3
 Stab: Sleeping          |     2 |     2 ||     4
  Eat: Chunk             |     1 |     5 ||     6
Armor: Leather armour    |    23 |    29 ||    52
Dodge: Dodged            |    49 |    95 ||   144
